 Dungeon Crawl Stone Soup version 0.28.0-53-g5a82cb258f (webtiles) character file.

Game seed: 9869817197508891414

129 mortz the Conjurer (level 4, -5/34 HPs)
             Began as a Demigod Conjurer on July 1, 2022.
             Slain by a kobold brigand
             ... wielding a +0 whip
              (8 damage)
             ... on level 6 of the Dungeon.
             The game lasted 00:19:44 (2867 turns).

mortz the Conjurer (Demigod Conjurer)               Turns: 2867, Time: 00:19:45

Health: -5/34      AC:  5    Str: 11    XL:     4   Next: 58%
Magic:  6/11       EV: 12    Int: 24    God:
Gold:   35         SH:  0    Dex: 18    Spells: 0/8 levels left

rFire   . . .      SeeInvis .   j - +9 dagger of Gloom {speed, *Corrode Will- Str+3 Dex+6, short}
rCold   . . .      Faith    .   (no shield)
rNeg    . . .      Spirit   .   e - +2 robe {Will+}
rPois   .          Reflect  .   k - +0 helmet
rElec   .          Harm     .   (no cloak)
rCorr   .          Rampage  .   (no gloves)
Will    .....                   (no boots)
Stlth   ++........              (no amulet)
HPRegen 0.11/turn               (no ring)
MPRegen 0.12/turn               (no ring)

@: no status effects
A: high MP 1, forlorn, divine attributes
a: no special abilities


You were on level 6 of the Dungeon.
You visited 2 branches of the dungeon, and saw 5 of its levels.

You collected 80 gold pieces.
You spent 45 gold pieces at shops.


Innate Abilities, Weirdness & Mutations

You have an increased reservoir of magic. (+10% MP)
You shall have no god before yourself.
Your divine heritage dramatically boosts your attributes as you level up.


   Skills:
 - Level 0.3 Fighting
 + Level 1.9 Dodging
 + Level 1.9 Stealth
 * Level 2.8 Spellcasting
 + Level 4.6 Conjurations
 * Level 1.2 Translocations


You couldn't memorise any spells.
You knew the following spells:

 Your Spells              Type           Power      Damage    Failure   Level
a - Magic Dart            Conj           100%       1d8       1%          1
b - Searing Ray           Conj           50%        2d6       2%          2
c - Iskenderun's Mystic   Conj/Tloc      17%        2d5       32%         4
d - Apportation           Tloc           18%        N/A       7%          1

Your spell library contained the following spells:

 Spells                   Type           Power      Damage    Failure   Level
 Freeze                   Ice            12%        1d4       11%         1
 Dazzling Flash           Conj/Hex       28%        N/A       13%         3
 Frozen Ramparts          Ice            6%         1d2       32%         3
 Fulminant Prism          Conj/Hex       7%         3d7       38%         4
 Hailstorm                Conj/Ice       14%        3d5       38%         4
 Alistair's Intoxication  Tmut/Pois      2%         N/A       97%         5

Inventory:

Hand Weapons
 a - a +0 whip of venom {mace}
   (You took it off a kobold on level 1 of the Dungeon)
 b - a +0 dagger {short}
   (You took it off a kobold on level 1 of the Dungeon)
 d - a +0 trident {polearm}
   (You found it on level 1 of the Dungeon)
 i - a +0 short sword {short}
   (You found it on level 2 of the Dungeon)
 j - the +9 dagger of Gloom (weapon) {speed, *Corrode Will- Str+3 Dex+6, short}
   (You found it on level 2 of the Dungeon)

   Attacks with this weapon are significantly faster.
   Str:       It affects your strength (+3).
   Dex:       It affects your dexterity (+6).
   *Corrode:  It may corrode you when you take damage.
   Will:      It decreases your willpower.
Armour
 e - a +2 robe of willpower (worn)
   (You found it on level 1 of the Dungeon)
 k - a +0 helmet (worn)
   (You took it off Robin on level 2 of the Dungeon)
Scrolls
 c - a scroll of blinking {unknown}
 g - a scroll of magic mapping {unknown}
 h - 2 scrolls of teleportation {unknown}
Potions
 f - a potion of curing {unknown}

Dungeon Overview and Level Annotations

Branches:
Dungeon (6/15)             Temple (1/1) D:6

Shops:
D:1

* ..#####.##
##.####...# ...
........#
##..#....# o.
..#######
####.......## .
.##
##.).........##
.##
....#.#.#.#.#..#
..#
...............#
......
.##.#.......#..#
.#.....
#.....KK.....#
(......
#.#...@K..#.##
(.#....
#....K.K....#
######.
...#.......#.#
................
...#.#.#.#.#..##
.............##
..#######...##
.. #...# #....


You could see a kobold demonologist, 3 kobold brigands and a kobold.


Message History

A kobold brigand comes into view.
It is wielding a +0 short sword and quivering poisoned darts.
The kobold demonologist gestures wildly while chanting.
Casting: Searing Ray (safe; 2% risk of failure)
Confirm with . or Enter, or press ? or * to list all spells.
Okay, then.
The kobold demonologist mumbles some strange words.
A kobold brigand comes into view.
It is wielding a +0 whip and quivering curare-tipped darts.
The kobold brigand shouts! x2
The kobold brigand throws a poisoned dart.
The poisoned dart barely misses you.
The kobold demonologist mumbles some strange words.
A kobold comes into view. It is wielding a +0 dagger.
The kobold brigand throws a curare-tipped dart.
The curare-tipped dart barely misses you.
The smoke demon gestures at you. Something smites you! 😮 HP[-13]
You take 13 damage, and now have 21/34 hp.
MASSIVE DAMAGE!! (PAUSE)
The smoke demon gestures at you. Something smites you!
* * * LOW HITPOINT WARNING * * *
😱 HP[-13]
You take 13 damage, and now have 8/34 hp.
MASSIVE DAMAGE!! (PAUSE)
There is a staircase to the Ecumenical Temple here.
The kobold brigand throws a poisoned dart.
The poisoned dart misses you. The rust devil barely misses you.
You climb downwards.
Welcome to the Ecumenical Temple!
Found four altars.
There is a staircase back to the Dungeon here.
You start resting. 😨 HP[+7] MP[+8]
You regained 7 hp, and now have 15/34 hp.
Your mp is fully restored (11).
You start resting. 😎 HP[+19]
Your hp is fully restored (34).
This spell is extremely dangerous to cast!
Memorise Iskenderun's Mystic Blast, consuming 4 spell levels and leaving 0?
You start memorising the spell.
You continue memorising. x4
You finish memorising.
Spell assigned to 'd'.
Adjust (i)tems, (s)pells, or (a)bilities?
Adjust which spell? c - Apportation Adjust to which letter? d - Apportation; c - Iskenderun's Mystic Blast Unknown command.
You climb upwards.
Welcome back to the Dungeon!
The kobold brigand throws a poisoned dart.
The poisoned dart barely misses you.
The kobold demonologist hits you but does no damage.
There is a staircase to the Ecumenical Temple here.
Casting: Searing Ray (safe; 2% risk of failure)
Confirm with . or Enter, or press ? or * to list all spells.
Okay, then.
Casting: Searing Ray (safe; 2% risk of failure)
Confirm with . or Enter, or press ? or * to list all spells.
Aiming: Searing Ray (safe; 2% risk of failure)
Press: ? - help, Shift-Dir - straight line, f - kobold brigand
Aim: a kobold brigand, wielding a +0 short sword and quivering poisoned darts (74% to hit)
The searing ray hits the kobold brigand! (Press . to maintain the ray.)
The kobold demonologist hits you but does no damage. 😎 MP[-2]
You lost 2 mp, and now have 9/11 mp.
The searing ray misses the kobold brigand.
The kobold demonologist barely misses you.
The kobold brigand barely misses you. x2
The kobold brigand hits you with a +0 whip! 😕 HP[-8] MP[-1]
You take 8 damage, and now have 26/34 hp.
MASSIVE DAMAGE!! (PAUSE)
You lost 1 mp, and now have 8/11 mp.
The searing ray hits the kobold brigand!
The kobold demonologist closely misses you.
The kobold brigand barely misses you.
The kobold brigand hits you with a +0 short sword.
The kobold brigand misses you. 😮 HP[-3] MP[-1]
You take 3 damage, and now have 23/34 hp.
You lost 1 mp, and now have 7/11 mp.
The searing ray hits the kobold brigand.
You finish channelling your searing ray.
The kobold demonologist looks encouraged for a moment.
The kobold brigand hits you with a +0 whip.
The kobold brigand hits you with a +0 short sword.
* * * LOW HITPOINT WARNING * * *
The kobold brigand hits you with a +0 whip!
* * * LOW HITPOINT WARNING * * *
😱 HP[-17] MP[-1]
You take 17 damage, and now have 6/34 hp.
MASSIVE DAMAGE!! (PAUSE)
You lost 1 mp, and now have 6/11 mp.
The kobold demonologist casts a cantrip, but nothing happens.
The kobold brigand hits you but does no damage.
The kobold brigand hits you with a +0 short sword.
* * * LOW HITPOINT WARNING * * *
The kobold brigand hits you with a +0 whip!
You die...

Skill      XL: |  1  2  3 |
---------------+----------+-----
Conjurations   | 4 |  4.6
Spellcasting   | 2 |  2.8
Translocations | 1 |  1.2
Fighting       | |  0.3
Dodging        | |  1.9
Stealth        | |  1.9

Action                   |  1- 3 |  4- 6 || total
-------------------------+-------+-------++-------
Melee: Dagger            |     6 |     2 ||     8
 Cast: Magic Dart        |    52 |    18 ||    70
       Searing Ray       |    18 |    11 ||    29
Armor: Robe              |     2 |     5 ||     7
Dodge: Dodged            |     2 |    13 ||    15

Levels and vault maps discovered:
D:1:      heliophobic_arrival_battle_scene, layout_basic,
          hellmonk_ecumenical_altar_inner_sanctum, serial_shops,
          nicolae_shop_behind_doors, minmay_pentomino_v4
D:2:      layout_loops_ring, uniq_robin
D:3:      layout_basic, amcnicky_altar_gilded, serial_undead, serial_undead_e,
          serial_undead_a, serial_undead_b, serial_undead_a
D:6:      layout_layer_cave, lightli_temple_of_fire, minmay_temple_entry_glass,
          uniq_prince_ribbit1
Temple:   eino_temple_rhombus

Notes
Turn   | Place    | Note
-------+----------+-------------------------------------------
     0 | D:1      | mortz the Demigod Conjurer began the quest for the Orb.
     0 | D:1      | Reached XP level 1. HP: 14/14 MP: 5/5
     0 | D:1      | magus.rc [v1.9.6]
   256 | D:1      | Reached skill level 4 in Conjurations
   258 | D:1      | Reached XP level 2. HP: 22/22 MP: 0/7
   261 | D:1      | Learned a level 2 spell: Searing Ray
   468 | D:1      | You pick up a book of Party Tricks and begin reading...
   468 | D:1      | You add the spells Apportation and Alistair's Intoxication
                  | to your library.
   471 | D:1      | Learned a level 1 spell: Apportation
   668 | D:1      | Reached skill level 2 in Spellcasting
   894 | D:1      | Found Mulonuli's Assorted Antiques.
   999 | D:1      | Reached XP level 3. HP: 27/27 MP: 3/8
  1236 | D:1      | Bought an inky potion for 21 gold pieces
  1236 | D:1      | Bought a scroll labelled GEITICV BUIKUPH for 24 gold pieces
  1566 | D:2      | Noticed Robin
  1571 | D:2      | Identified the +9 dagger of Gloom {speed, *Corrode Will-
                  | Str+3 Dex+6}
  1585 | D:2      | Reached skill level 1 in Translocations
  1589 | D:2      | Killed Robin
  1753 | D:2      | Reached XP level 4. HP: 34/34 MP: 4/10
  2130 | D:2      | You pick up a book of Frost and begin reading...
  2130 | D:2      | You add the spells Freeze, Frozen Ramparts and Hailstorm to
                  | your library.
  2400 | D:3      | You fall into a shaft and drop 3 floors!
  2556 | D:6      | Found a staircase to the Ecumenical Temple.
  2597 | D:6      | Noticed a kobold demonologist
  2615 | D:6      | Noticed a kobold brigand
  2616 | D:6      | Noticed a kobold brigand
  2617 | D:6      | Noticed a rust devil
  2619 | D:6      | Noticed a smoke demon
  2619 | D:6      | Noticed a kobold brigand
  2620 | D:6      | Noticed an ice devil
  2621 | D:6      | HP: 8/34 [smoke demon/divine providence[a kobold
                  | demonologist] (13)]
  2624 | Temple   | Entered the Ecumenical Temple
  2861 | Temple   | Learned a level 4 spell: Iskenderun's Mystic Blast
  2866 | D:6      | HP: 6/34 [kobold brigand/+0 whip (9)]
  2867 | D:6      | Slain by a kobold brigand

Vanquished Creatures
  An orc wizard (D:6)
  Robin (D:2)
  An adder (D:2)
  2 adder skeletons (D:3)
  A worm (D:2)
  A dart slug (D:1)
  4 orcs (D:6)
  7 ball pythons
  6 endoplasms
  2 giant cockroaches
  12 goblins
  9 hobgoblins
  3 quokkas
  3 bats
  3 frilled lizards (D:1)
  4 kobolds
  5 rats
65 creatures vanquished.

Table legend:
 A = Non-vault XP
 B = Vault XP
 C = Vault XP percentage of total XP
 D = Non-vault monster count
 E = Vault monster count
 F = Vault count percentage of total count
                 A         B        C        D         E       F
            +---------+---------+-------+---------+---------+-------
      Total |     134 |      51 |  27.6 |      49 |      16 |  24.6
            +---------+---------+-------+---------+---------+-------
        D:1 |      46 |       6 |  11.5 |      28 |       3 |   9.7
        D:2 |      38 |      35 |  47.9 |      14 |      11 |  44.0
        D:3 |       3 |      10 |  76.9 |       2 |       2 |  50.0
        D:6 |      47 |       0 |   0.0 |       5 |       0 |   0.0
            +---------+---------+-------+---------+---------+-------

Illustrated notes

Table legend:
 A = Kills in this place as a percentage of kills in entire the game.
 B = Kills by you in this place as a percentage of kills by you in the entire game.
 C = Kills by friends in this place as a percentage of kills by friends in the entire game.
 D = Other kills in this place as a percentage of other kills in the entire game.
 E = Experience gained in this place as a percentage of experience gained in the entire game.
 F = Experience gained in this place divided by the number of levels of this place that you have seen.
                   A       B       C       D       E      F
               +-------+-------+-------+-------+-------+----------------------
         Total | 100.0 | 100.0 |   N/A |   N/A | 100.0 |  37.0
       Dungeon | 100.0 | 100.0 |   N/A |   N/A | 100.0 |  46.2
               +-------+-------+-------+-------+-------+----------------------

Table legend: (Time is in decaauts)
 A = Elapsed time spent in this place.
 B = Non-inter-level travel time spent in this place.
 C = Inter-level travel time spent in this place.
 D = Time resting spent in this place.
 E = Time spent auto-exploring this place.
 F = Levels seen in this place.
 G = Mean time per level.
                   A        B        C        D        E       F      G
               +--------+--------+--------+--------+--------+-----+--------+
         Total |   2862 |   2821 |     41 |    447 |   1985 |   5 |  572.4 |
       Dungeon |   2625 |   2584 |     41 |    216 |   1985 |   4 |  656.2 |
        Temple |    237 |    237 |      0 |    231 |      0 |   1 |  237.0 |
               +--------+--------+--------+--------+--------+-----+--------+

Top non-repeatable levels by time:
     D:1: 1246 daAuts
     D:2: 981 daAuts
  Temple: 237 daAuts
     D:6: 228 daAuts
     D:3: 168 daAuts
